 Dungeon Crawl Stone Soup version 0.20-a0-307-gd0bf4df (webtiles) character file.

199082 AlphabetPasta the Devastator (level 17, -16/133 HPs)
             Began as a Centaur Conjurer on Dec 15, 2016.
             Was the Champion of Vehumet.
             Hit by a large rock thrown by a stone giant (52 damage)
             ... on level 1 of the Vaults on Dec 18, 2016.
             The game lasted 05:01:51 (50990 turns).

AlphabetPasta the Devastator (Centaur Conjurer)    Turns: 50990, Time: 05:01:52

Health: -16/133    AC: 21    Str: 10    XL:     17   Next: 83%
Magic:  10/45      EV: 11    Int: 19    God:    Vehumet [******]
Gold:   1665       SH:  9    Dex: 13    Spells: 8/47 levels left

rFire  . . .     SeeInvis +     V - staff of conjuration
rCold  . . .     Gourm    .     Y - +2 robe {MR+}
rNeg   + + .     Faith    .     S - +0 buckler
rPois  +         Spirit   .     R - +2 helmet
rElec  .         Reflect  +     C - +2 cloak {+Inv}
rCorr  +         Harm     .     y - +0 pair of gloves of Cudoth {+Blink rPois rN++ rCorr}
MR     ++...                    v - +4 centaur barding {Fly}
Stlth  ++........               h - +4 amulet of reflection
                                Q - ring of magical power
                                l - ring of see invisible

@: flying, very quick
A: hooves 3, deformed body, speed 2, robust 1, tough skin 3
}: 1/15 runes: decaying
a: Renounce Religion, Evoke Blink, Evoke Invisibility, Stop Flying


You were on level 1 of the Vaults.
You worshipped Vehumet.
Vehumet was exalted by your worship.
You were not hungry.

You visited 6 branches of the dungeon, and saw 29 of its levels.

You collected 3178 gold pieces.
You spent 1513 gold pieces at shops.

Inventory:

Armour
 v - a +4 centaur barding of flying (worn)
 y - the +0 pair of gloves of Cudoth (worn) {+Blink rPois rN++ rCorr}
   (You bought it in a shop on level 11 of the Dungeon)

   It protects you from poison.
   It greatly protects you from negative energy.
   It lets you blink.
   It protects you from acid and corrosion.
 z - a +2 robe of cold resistance
 C - a +2 cloak of invisibility (worn)
 J - a +2 robe of fire resistance
 R - a +2 helmet (worn)
 S - a +0 buckler (worn)
 Y - a +2 robe of magic resistance (worn)
Magical Staves
 g - an uncursed staff of cold
 x - an uncursed staff of earth
 V - an uncursed staff of conjuration (weapon)
Rods
 w - a +0 lightning rod (13/13)
   (You took it off Grum on level 8 of the Dungeon)
Jewellery
 h - a +4 amulet of reflection (around neck)
 l - a ring of see invisible (left hand)
 m - an uncursed ring of protection from fire
 A - a +3 ring of protection
 Q - a ring of magical power (right hand)
Wands
 a - a wand of paralysis (16/24)
 d - a wand of polymorph (17/24)
 p - a wand of teleportation (3/9)
 q - a wand of iceblast (0/15)
 r - a wand of lightning (2/15)
 F - a wand of digging (12/24)
 K - a wand of slowing (29/48)
 M - a wand of heal wounds (4/9)
 N - a wand of disintegration (0/24)
 P - a wand of flame (4/48)
 U - a wand of lightning (0/15)
Scrolls
 b - a scroll of fog
 s - 9 scrolls of fear
 t - 4 scrolls of blinking
 u - 10 scrolls of remove curse
 D - 8 scrolls of identify
 T - 3 scrolls of recharging
 W - 10 scrolls of teleportation
 Z - 5 scrolls of magic mapping
Potions
 e - 3 potions of ambrosia
 f - 4 potions of agility
 i - 4 potions of cancellation
 j - 10 potions of curing
 B - a potion of haste
 E - 4 potions of brilliance
 G - a potion of magic
 H - 4 potions of heal wounds
 I - 2 potions of resistance
 O - 2 potions of cure mutation
Miscellaneous
 X - a disc of storms
Comestibles
 c - 9 bread rations
 k - 15 royal jellies
 n - 15 meat rations
 o - 4 chunks of flesh
 L - 17 fruits


   Skills:
 - Level 3.6 Fighting
 - Level 3.1 Staves
 - Level 7.0 Dodging
 - Level 1.1 Stealth
 - Level 4.0 Shields
 * Level 15.6 Spellcasting
 * Level 18.1 Conjurations
 * Level 7.1 Ice Magic
 - Level 7.1 Evocations


You had 8 spell levels left.
You knew the following spells:

 Your Spells              Type           Power        Failure   Level  Hunger
a - Magic Dart            Conj           ####         0%          1    None
b - Searing Ray           Conj           ######       0%          2    None
c - Dazzling Spray        Conj/Hex       ######       1%          3    None
d - Iskenderun's Mystic   Conj           #######.     1%          4    None
e - Orb of Destruction    Conj           #######...   1%          7    ######.
f - Bolt of Draining      Conj/Necr      ######....   1%          5    ###....
g - Fireball              Conj/Fire      ######....   1%          5    ###....
h - Bolt of Fire          Conj/Fire      ######....   5%          6    #####..
i - Freezing Cloud        Conj/Ice/Air   ######....   7%          6    #####..


Dungeon Overview and Level Annotations

Branches:
Dungeon (15/15)            Temple (1/1) D:6            Lair (6/6) D:11
  Swamp (4/4) Lair:4        Snake (0/4) Lair:3        Slime (0/5) Lair:5
    Orc (2/2) D:9             Elf (0/3) Orc:2        Vaults (1/5) D:13
 Depths (0/5) D:15

Altars:
Ashenzari
Cheibriados
Dithmenos
Elyvilon
Fedhas
Gozag
Hepliaklqana
Kikubaaqudgha
Makhleb
Nemelex Xobeh
Okawaru
Qazlal
Ru
Sif Muna
Trog
Uskayaw
Vehumet
Xom
Yredelemnul
Zin
The Shining One
Beogh
Jiyva

Shops:
D:5 !   D:11 *   D:14 *   Orc:1 }   Orc:2 =*[(   Vaults:1 *


Innate Abilities, Weirdness & Mutations

You have hooves in place of feet.
Armour fits poorly on your strangely shaped body.
You cover ground very quickly.
You have extremely tough skin. (AC +3)
You are robust. (+10% HP)


Message History

Your skill with magical items lets you calculate the power of this device...
This wand has 1 charge left.
The ironheart preserver hits you but does no damage.
Evoke which item? (* to show all) (? for menu, Esc to quit)
Zapping:
U - a wand of lightning (1/15)
Press: ? - help, Shift-Dir - straight line, f/p - ironheart preserver
Aim: an ironheart preserver, wielding a morningstar and wearing a leather armour (almost dead)
You hear a mighty clap of thunder!
The bolt of lightning hits the ironheart preserver.
You kill the ironheart preserver!
Vehumet accepts your kill.
You feel your power returning.
The bolt of lightning hits the stone giant.
The stone giant is moderately wounded.
This wand has 0 charges left.
The stone giant throws a large rock.
The large rock hits you!!
* * * LOW HITPOINT WARNING * * *
You see here a large rock.
The stone giant throws a large rock.
The large rock hits you!!!
You die...

#.......# #....
###########.[.....# ###'##
#.(....#..##)#########.....
#......#..'.)........'.....
#.[....'..#.C........#.....
##'#####(.+..........#.....
#...#..'..#..........#.....
#...#..####(.........#.....
#...#.....@..........######
#####.##############'# ###
#.....'...# #.......# #..
####[.#...# #.......# #..
#..#..#...# #.......# #..
#..'..#...# #.......# #..
#..#(.##### #.......# #..
####(..#..# #.......# #..
#..#(((#..# ######### #..


You could see a stone giant.

Vanquished Creatures
  A tentacled monstrosity (Swamp:4)
  Jorgrun (Swamp:4)
  Gastronok (Lair:1)
  Kirke (D:12)
  2 thorn hunters
  2 vault wardens (Vaults:1)
  Louise (Swamp:3)
  The ghost of mhoghedin the Basher, a journeyman FoAK of Lugonu (Orc:2)
  3 ironheart preservers (Vaults:1)
  An orc warlord (Orc:2)
  2 very ugly things (Swamp:4)
  Nessos (Orc:2)
  A deep elf demonologist (Vaults:1)
  The ghost of DoctorBileduct the Blocker, a journeyman FoFi of Ashenzari (Orc:1)
  2 deep elf annihilators (Vaults:1)
  Snorg (D:11)
  A deep elf death mage (Vaults:1)
  2 green deaths (Swamp:4)
  2 fire dragons
  Josephine (Orc:2)
  3 ogre magi
  Erolcha (D:9)
  A great orb of eyes (Vaults:1)
  Harold (Lair:4)
  A yaktaur captain (D:15)
  12 hydras
  2 catoblepae
  3 ghost crabs
  A death knight (D:13)
  An ice dragon (Vaults:1)
  5 centaur warriors
  2 dancing weapons (D:13)
  7 alligators
  4 tengu warriors
  10 two-headed ogres
  A thrashing horror (Swamp:4)
  3 orc high priests (Orc:2)
  The ghost of TroubleDarcy the Chopper, a novice TrCK of Xom (D:8)
  A deep elf knight (Vaults:1)
  Sonja (Lair:2)
  An unseen horror (Vaults:1)
  9 swamp dragons
  2 spriggan druids
  A deep troll (Vaults:1)
  2 phantasmal warriors (D:13)
  2 lindwurms (Lair:6)
  3 shambling mangroves
  7 orc knights
  4 deep elf magi
  The ghost of Aviraven the Cleaver, a novice DrAK of Lugonu (D:6)
  14 ugly things
  A manticore (D:15)
  2 wolf spiders
  5 orc sorcerers
  7 cyclopes
  Maurice (Orc:1)
  2 centaur zombies
  Joseph (D:8)
  11 elephants
  A water nymph (shapeshifter) (Vaults:1)
  A guardian serpent (Lair:6)
  7 black mambas
  3 gargoyles
  24 spiny frogs
  2 vault sentinels (Vaults:1)
  6 torpor snails
  2 orange demons (Swamp:4)
  9 yaktaurs
  A kobold demonologist (D:14)
  3 freezing wraiths
  A rime drake (Lair:3)
  An efreet (D:13)
  4 komodo dragons
  8 tyrant leeches
  3 polar bears
  A queen bee (D:10)
  9 trolls
  27 hornets
  11 bog bodies
  A large abomination (Swamp:4)
  24 blink frogs
  9 hippogriffs
  18 slime creatures
  4 dream sheep (Lair:5)
  6 wraiths
  9 shadows
  Sigmund (D:6)
  2 vampires
  12 spriggans
  3 redbacks (Lair:6)
  13 wyverns
  4 basilisks
  4 hogs (D:12)
  44 yaks
  Grum (D:8)
  4 hungry ghosts
  22 vampire mosquitoes
  4 nagas (Lair:3)
  5 wargs
  21 swamp worms
  4 acid dragons
  A soldier ant (D:13)
  24 water moccasins
  27 insubstantial wisps
  2 hell hounds (D:11)
  3 porcupines
  11 swamp drakes
  49 orc warriors
  4 sky beasts
  A black bear (D:11)
  2 eyes of draining
  An ice beast (D:8)
  4 phantoms
  4 boggarts (Vaults:1)
  2 necrophages
  7 centaurs
  35 ogres
  28 wolves
  13 crocodiles
  5 big kobolds
  19 bullfrogs
  A wyvern zombie (D:14)
  A water moccasin skeleton (D:10)
  7 scorpions
  26 killer bees
  7 wights
  4 howler monkeys
  8 crimson imps
  A bullfrog zombie (D:11)
  7 hounds
  3 jellies
  4 bullfrog skeletons
  21 orc priests
  6 centaur skeletons
  41 orc wizards
  A gnoll shaman (D:4)
  4 hell rats (Lair:3)
  Ijyb (D:2)
  7 iguanas
  6 worker ants
  An ogre zombie (Orc:1)
  2 hound zombies
  5 worker ant zombies
  44 gnolls
  13 adders
  3 shadow imps
  4 oozes
  5 worms
  An adder skeleton (D:4)
  3 dart slugs
  4 leopard geckos
  132 orcs
  6 bats
  7 giant cockroaches
  12 hobgoblins
  26 jackals
  22 kobolds
  6 quokkas
  5 frilled lizards
  12 goblins
  2 quokka skeletons
  A quokka zombie (D:9)
  9 rats
  2 fungi
  4 plants (Lair:6)
1233 creatures vanquished.

Vanquished Creatures (others)
  2 yaktaurs (Vaults:1)
  2 humans
  A crimson imp (D:13)
  2 bushes (D:13)
  24 fungi
  37 plants
68 creatures vanquished.

Grand Total: 1301 creatures vanquished

Notes
Turn   | Place    | Note
-------+----------+-------------------------------------------
     0 | D:1      | AlphabetPasta the Centaur Conjurer began the quest for the Orb.
     0 | D:1      | Reached XP level 1. HP: 14/14 MP: 3/3
   482 | D:1      | Reached XP level 2. HP: 20/20 MP: 0/4
   486 | D:1      | Learned a level 2 spell: Searing Ray
  1001 | D:1      | Reached skill level 4 in Conjurations
  1144 | D:1      | Reached XP level 3. HP: 23/26 MP: 2/6
  1216 | D:1      | Learned a level 3 spell: Dazzling Spray
  1281 | D:2      | Upgraded the game from 0.20-a0-298-g82a587e to 0.20-a0-303-g575bbf7
  1495 | D:2      | Noticed Ijyb
  1735 | D:2      | Killed Ijyb
  1801 | D:2      | Reached XP level 4. HP: 30/33 MP: 3/7
  2890 | D:3      | Reached XP level 5. HP: 22/38 MP: 4/9
  3376 | D:3      | Reached skill level 5 in Conjurations
  3789 | D:3      | Reached XP level 6. HP: 45/45 MP: 4/11
  4112 | D:3      | Learned a level 4 spell: Iskenderun's Mystic Blast
  4527 | D:4      | Learned a level 4 spell: Iskenderun's Mystic Blast
  4625 | D:4      | Upgraded the game from 0.20-a0-303-g575bbf7 to 0.20-a0-304-ged96f7e
  4761 | D:4      | Reached skill level 1 in Evocations
  5333 | D:4      | Reached XP level 7. HP: 50/50 MP: 6/13
  5926 | D:4      | Reached skill level 6 in Conjurations
  7140 | D:4      | Reached XP level 8. HP: 57/57 MP: 3/15
  7555 | D:4      | Reached skill level 5 in Spellcasting
  7948 | D:5      | Entered Level 5 of the Dungeon
  8365 | D:5      | Reached skill level 7 in Conjurations
  8627 | D:5      | Found a white marble altar of Elyvilon.
  8772 | D:5      | Found Wotaypnu's Distillery.
  8780 | D:5      | Bought a potion of haste for 110 gold pieces
  8780 | D:5      | Bought a potion of curing for 33 gold pieces
  8780 | D:5      | Bought a potion of heal wounds for 55 gold pieces
  8780 | D:5      | Bought a potion of resistance for 110 gold pieces
  8832 | D:6      | Noticed Aviraven's ghost (novice DrAK)
  9134 | D:6      | Noticed Sigmund
  9190 | D:6      | Found a staircase to the Ecumenical Temple.
  9199 | Temple   | Entered the Ecumenical Temple
  9295 | Temple   | Became a worshipper of Vehumet
  9533 | D:6      | Found a stormy altar of Qazlal.
  9537 | D:6      | Found an ancient bone altar of Kikubaaqudgha.
  9540 | D:6      | Found an opulent altar of Gozag.
  9670 | D:6      | Killed Sigmund
  9670 | D:6      | Reached XP level 9. HP: 58/62 MP: 11/18
  9899 | D:6      | Reached skill level 5 in Evocations
 10265 | D:7      | Reached skill level 1 in Staves
 10564 | D:7      | Reached skill level 8 in Conjurations
 10674 | D:7      | Found a blossoming altar of Fedhas.
 10950 | D:7      | Reached * piety under Vehumet
 10950 | D:7      | Offered knowledge of Flame Tongue by Vehumet.
 11394 | D:8      | Gained mutation: You are robust. (+10% HP) [potion of beneficial mutation]
 11461 | D:8      | Noticed Joseph
 11509 | D:8      | Killed Joseph
 11651 | D:8      | Noticed Grum
 11690 | D:8      | Killed Grum
 11767 | D:8      | Noticed a two-headed ogre
 11855 | D:8      | Killed a two-headed ogre
 11855 | D:8      | Reached skill level 9 in Conjurations
 11855 | D:8      | Reached XP level 10. HP: 64/75 MP: 21/21
 12207 | D:8      | Reached skill level 1 in Fighting
 12214 | D:8      | Noticed TroubleDarcy's ghost (novice TrCK)
 12825 | D:8      | Paralysed by TroubleDarcy's ghost for 7 turns
 12838 | D:8      | Killed TroubleDarcy's ghost
 13049 | D:9      | Reached ** piety under Vehumet
 13320 | D:9      | Offered knowledge of Sting by Vehumet.
 13574 | D:9      | Found a staircase to the Orcish Mines.
 13634 | D:9      | Reached skill level 10 in Conjurations
 13702 | D:9      | Offered knowledge of Mephitic Cloud by Vehumet.
 13769 | D:9      | Noticed Erolcha
 13777 | D:9      | Killed Erolcha
 14376 | D:10     | Entered Level 10 of the Dungeon
 14483 | D:10     | Reached *** piety under Vehumet
 14500 | D:10     | Reached XP level 11. HP: 67/86 MP: 21/23
 14522 | D:10     | Offered knowledge of Force Lance by Vehumet.
 15695 | D:10     | Reached **** piety under Vehumet
 15906 | D:11     | Offered knowledge of Irradiate by Vehumet.
 16003 | D:11     | Found a staircase to the Lair.
 16011 | D:11     | Noticed Snorg
 16054 | D:11     | Killed Snorg
 16151 | D:11     | Reached skill level 11 in Conjurations
 16934 | D:11     | Found Daijit's General Store.
 16937 | D:11     | Bought a scroll of magic mapping for 63 gold pieces
 16937 | D:11     | Bought a potion of magic for 144 gold pieces
 17319 | D:12     | Noticed a purple ugly thing
 17626 | D:12     | Reached ***** piety under Vehumet
 17626 | D:12     | Offered knowledge of Orb of Destruction by Vehumet.
 17676 | D:12     | Noticed Kirke
 17681 | D:12     | Killed Kirke
 17681 | D:12     | Reached skill level 10 in Spellcasting
 17681 | D:12     | Reached XP level 12. HP: 93/93 MP: 21/26
 17815 | D:12     | Learned a level 7 spell: Orb of Destruction
 18008 | D:12     | Reached skill level 12 in Conjurations
 18185 | D:12     | Noticed a two-headed ogre
 18190 | D:12     | Killed a two-headed ogre
 18495 | D:12     | Noticed a two-headed ogre
 18506 | D:12     | Killed a two-headed ogre
 18999 | Lair:1   | Entered Level 1 of the Lair of Beasts
 19239 | Lair:1   | Noticed Gastronok
 19390 | Lair:1   | Killed Gastronok
 19390 | Lair:1   | Reached skill level 5 in Dodging
 20091 | Lair:1   | Noticed an eight-headed hydra
 20095 | Lair:1   | Killed an eight-headed hydra
 20380 | Lair:2   | Noticed Sonja
 20383 | Lair:2   | Killed Sonja
 20578 | Lair:2   | Reached skill level 13 in Conjurations
 20578 | Lair:2   | Reached XP level 13. HP: 100/100 MP: 28/28
 21404 | Lair:3   | Offered knowledge of Bolt of Draining by Vehumet.
 21891 | Lair:3   | Found a staircase to the Snake Pit.
 22016 | Lair:3   | Learned a level 5 spell: Bolt of Draining
 23291 | Lair:4   | Noticed Harold
 23358 | Lair:4   | Killed Harold
 23491 | Lair:4   | Upgraded the game from 0.20-a0-304-ged96f7e to 0.20-a0-307-gd0bf4df
 23655 | Lair:4   | Found a hide-covered altar of Uskayaw.
 24091 | Lair:4   | Found a staircase to the Swamp.
 24971 | Lair:5   | Offered knowledge of Spellforged Servitor by Vehumet.
 25030 | Lair:5   | Reached skill level 14 in Conjurations
 25419 | Lair:5   | Found a staircase to the Slime Pits.
 25428 | Lair:5   | Found a viscous altar of Jiyva.
 26464 | Lair:6   | Entered Level 6 of the Lair of Beasts
 26799 | Lair:6   | Reached XP level 14. HP: 108/108 MP: 30/30
 28870 | Lair:6   | Found a runed door.
 30109 | D:11     | Bought the +0 pair of gloves of Cudoth {+Blink rPois rN++ rCorr} for 698 gold pieces
 30176 | Orc:1    | Entered Level 1 of the Orcish Mines
 30176 | Orc:1    | Found a roughly hewn altar of Beogh.
 30183 | Orc:1    | Offered knowledge of Fireball by Vehumet.
 30194 | Orc:1    | Learned a level 5 spell: Fireball
 30394 | Orc:1    | Noticed DoctorBileduct's ghost (journeyman FoFi)
 30401 | Orc:1    | Noticed Maurice
 30423 | Orc:1    | Killed DoctorBileduct's ghost
 30556 | Orc:1    | Killed Maurice
 30556 | Orc:1    | Reached skill level 15 in Conjurations
 30656 | Orc:1    | Found Ruyggiy's Gadget Boutique.
 31904 | Orc:2    | Entered Level 2 of the Orcish Mines
 31904 | Orc:2    | Noticed Josephine
 32001 | Orc:2    | Noticed Nessos
 32083 | Orc:2    | Killed Nessos
 32144 | Orc:2    | Found a roughly hewn altar of Beogh.
 32190 | Orc:2    | Killed Josephine
 32193 | Orc:2    | Reached XP level 15. HP: 110/114 MP: 14/32
 32693 | Orc:2    | Found a staircase to the Elven Halls.
 33148 | Orc:2    | Noticed mhoghedin's ghost (journeyman FoAK)
 33185 | Orc:2    | Killed mhoghedin's ghost
 34021 | Orc:2    | Offered knowledge of Conjure Ball Lightning by Vehumet.
 34296 | Orc:2    | Noticed an orc warlord
 34819 | Orc:2    | Killed an orc warlord
 35428 | Orc:2    | Found Nitsiw's Antique Armour Shoppe.
 35429 | Orc:2    | Found Xoher's Antique Weapon Emporium.
 35430 | Orc:2    | Found Aqyrew's General Store.
 35430 | Orc:2    | Found Rextegh's Jewellery Shoppe.
 35435 | Orc:2    | Bought a +4 amulet of reflection for 300 gold pieces
 35897 | D:6      | Killed Aviraven's ghost
 36738 | D:13     | Offered knowledge of Bolt of Fire by Vehumet.
 36921 | D:13     | Found a gate to the Vaults.
 36929 | D:13     | Reached skill level 16 in Conjurations
 37623 | D:13     | Found a bloodstained altar of Trog.
 38799 | D:14     | Reached skill level 1 in Shields
 39372 | D:14     | Found Nurr's Changing Room.
 39423 | D:15     | Entered Level 15 of the Dungeon
 39857 | D:15     | Found a sacrificial altar of Ru.
 40369 | D:15     | Found a staircase to the Depths.
 40400 | D:15     | Reached XP level 16. HP: 101/126 MP: 27/34
 40964 | Swamp:1  | Entered Level 1 of the Swamp
 40970 | Swamp:1  | Noticed a thorn hunter
 41193 | Swamp:1  | Killed a thorn hunter
 41737 | Swamp:1  | Learned a level 6 spell: Bolt of Fire
 41895 | Swamp:1  | Offered knowledge of Freezing Cloud by Vehumet.
 42344 | Swamp:1  | Reached ****** piety under Vehumet
 42896 | Swamp:1  | Identified the +3 ring mail "Jazuasot" {rN+++} (You found it on level 1 of the Swamp)
 43871 | Swamp:2  | Reached skill level 17 in Conjurations
 44756 | Swamp:2  | Learned a level 6 spell: Freezing Cloud
 45206 | Swamp:3  | Reached skill level 1 in Ice Magic
 45209 | Swamp:3  | Noticed Louise
 45802 | Swamp:3  | Offered knowledge of Glaciate by Vehumet.
 45802 | Swamp:3  | Offered knowledge of Shatter by Vehumet.
 45802 | Swamp:3  | Offered knowledge of Chain Lightning by Vehumet.
 46018 | Swamp:3  | Killed Louise
 46027 | Swamp:3  | Identified the +8 large shield of Luscher {rPois Regen+ Int-2 Slay+4} (You took it off Louise on level 3 of the Swamp)
 46636 | Swamp:4  | Entered Level 4 of the Swamp
 47567 | Swamp:4  | Reached skill level 15 in Spellcasting
 47653 | Swamp:4  | Reached XP level 17. HP: 133/133 MP: 22/36
 47747 | Swamp:4  | Noticed Jorgrun
 47750 | Swamp:4  | Killed Jorgrun
 48876 | Swamp:4  | Noticed a tentacled monstrosity
 48884 | Swamp:4  | Killed a tentacled monstrosity
 48884 | Swamp:4  | Reached skill level 5 in Ice Magic
 49063 | Swamp:4  | Got a decaying rune of Zot
 49774 | Vaults:1 | Entered Level 1 of the Vaults
 50347 | Vaults:1 | Found Wiump's General Store.
 50471 | Vaults:1 | Reached skill level 18 in Conjurations
 50990 | Vaults:1 | Hit by a large rock thrown by a stone giant

Vault maps used:
D:1:      minmay_arrival_three_doors
D:2:      cheibrodos_greedy_goblins, st_stairs_5, uniq_iyjb
D:4:      lemuel_castle_with_subvaults, first_bread, minivault_1
D:5:      elyvilon_altar_1, serial_shops, shop
D:6:      grunt_temple_overflow_diamond, serial_park_tiny_1, uniq_sigmund
D:7:      lemuel_round_altar
D:8:      uniq_grum, uniq_joseph
D:9:      erik_orc_3, uniq_erolcha
D:10:     special_room, blue_anna_alchemist, kennysheep_cross_bottleneck
D:11:     minmay_lair_entry_lava, serial_shops, kennysheep_mini_moat, uniq_snorg
D:12:     kennysheep_diamond, uniq_kirke
D:13:     erik_vaults_1, trog_ov_bears_minmay
D:14:     kennysheep_pointless_box, nicolae_transmutations_shop
D:15:     grunt_enter_depths_snipers, lemuel_statue_altar
Temple:   minmay_temple_bridge_d
Lair:1:   cheibrodos_lair_caveside_slide, st_stairs_4, uniq_gastronok
Lair:2:   serial_bayou_shore_b, grunt_megastairs_1, uniq_sonja
Lair:3:   guppyfry_snake_entry_garden
Lair:4:   minmay_swamp_entry_reptiles, basic_altar, grunt_megastairs_3,
          infiniplex_staircase_pool_2, lemuel_fruit_tree, uniq_harold
Lair:5:   slime_altar_1
Lair:6:   hangedman_lair_tendril_chambers, wormcave
Swamp:1:  hangedman_swamp_lotus, swamp_pool5
Swamp:2:  evilmike_swamp_ruin_house_6
Swamp:3:  evilmike_swamp_ruin_house_4, uniq_louise
Swamp:4:  swamp_vile, uniq_jorgrun
Orc:1:    lemuel_ogre_cave, serial_shops, shop, basic_altar, uniq_maurice
Orc:2:    st_orc_congregation, basic_altar, uniq_josephine, uniq_nessos
Vaults:1: v_misc_18, nicolae_vaults_minivaults, ontoclasm_vaults_ring_large,
          v_misc_24, hangedman_vaults_impose, nicolae_vaults_network_square,
          hangedman_vaults_stream, v_pattern_1, ontoclasm_vaults_ligature,
          v_rooms_2, v_rooms_3, serial_shops, nicolae_shop_stone, uniq_nikola

Skill      XL: |  1  2  3  4  5  6  7  8  9 10 11 12 13 14 15 16 17 |
---------------+----------------------------------------------------+-----
Spellcasting   | 2 3 4 6 7 8 10 11 12 13 14 15 | 15.6
Conjurations   | 4 5 6 7 9 10 11 13 14 15 16 17 18 | 18.1
Evocations     | 1 3 4 5 6 7 |  7.1
Staves         | 3 |  3.1
Fighting       | 2 3 |  3.6
Dodging        | 2 4 5 6 7 |  7.0
Shields        | 2 4 |  4.0
Ice Magic      | 3 7 |  7.1
Stealth        | |  1.1

Action                   |  1- 3 |  4- 6 |  7- 9 | 10-12 | 13-15 | 16-18 || total
-------------------------+-------+-------+-------+-------+-------+-------++-------
Melee: Unarmed           |    69 |       |       |       |       |       ||    69
       Kick              |    16 |     3 |    14 |     1 |     9 |     2 ||    45
       Spear             |       |    21 |       |       |       |       ||    21
       Trident           |       |     1 |       |       |       |       ||     1
       Staff             |       |     1 |    48 |     6 |    32 |     5 ||    92
 Cast: Magic Dart        |    56 |   152 |   257 |   212 |   147 |       ||   824
       Searing Ray       |     3 |    21 |    73 |   177 |   173 |     1 ||   448
       Iskenderun's Myst |       |       |     5 |    86 |   658 |   520 ||  1269
       Bolt of Draining  |       |       |       |       |    40 |    19 ||    59
       Fireball          |       |       |       |       |    25 |    64 ||    89
       Orb of Destructio |       |       |       |       |    11 |    30 ||    41
       Dazzling Spray    |       |       |       |       |       |     3 ||     3
       Bolt of Fire      |       |       |       |       |       |     1 ||     1
 Abil: Evoke Invisibilit |       |       |       |       |     1 |       ||     1
       Evoke Blink       |       |       |       |       |     1 |     4 ||     5
Evoke: Wand              |       |       |     4 |     2 |    17 |    11 ||    34
       Rod               |       |       |       |       |     3 |       ||     3
  Use: Scroll            |     2 |     5 |    12 |     8 |     9 |     5 ||    41
       Potion            |       |       |     6 |     2 |     3 |     2 ||    13
 Stab: Paralysed         |       |       |    22 |     5 |       |     5 ||    32
  Eat: Fruit             |     1 |       |     1 |     4 |    20 |    16 ||    42
       Chunk             |     2 |    12 |    15 |    17 |    59 |    33 ||   138
       Pizza             |       |       |     2 |     3 |     2 |       ||     7
       Beef jerky        |       |       |       |     3 |     2 |       ||     5
       Bread ration      |       |       |       |       |       |     1 ||     1
Armor: Robe              |    26 |    26 |    58 |   121 |   209 |    84 ||   524
Dodge: Dodged            |    37 |    38 |    66 |   124 |   234 |    72 ||   571
Block: Other             |       |       |       |       |    19 |     1 ||    20
       Reflection        |       |       |       |       |     1 |     9 ||    10
       Buckler           |       |       |       |       |       |    59 ||    59
